 Dungeon Crawl Stone Soup version 0.22.1-5-g62c59d919a (webtiles) character file.

3164 Ihlosi the Magician (level 10, -2/56 HPs)
             Began as a Kobold Fire Elementalist on Jan 12, 2019.
             Was a Follower of Vehumet.
             Slain by a hornet (10 damage)
             ... on level 8 of the Dungeon.
             The game lasted 00:32:34 (11569 turns).

Ihlosi the Magician (Kobold Fire Elementalist)     Turns: 11569, Time: 00:32:36

Health: -2/56      AC: 10    Str:  5    XL:     10   Next: 15%
Magic:  5/20       EV: 17    Int: 20    God:    Vehumet [*.....]
Gold:   470        SH:  0    Dex: 16    Spells: 16/23 levels left

rFire    . . .     SeeInvis .   y - staff of death (curse)
rCold    . . .     Gourm    .   (shield currently unavailable)
rNeg     + + .     Faith    .   d - +3 leather armour {rN+}
rPois    .         Spirit   .   g - +0 helmet
rElec    .         Reflect  .   s - +1 cloak
rCorr    .         Harm     .   o - +0 pair of gloves {archery}
MR       .....                  (no boots)
Stlth    +++.......             h - amulet of the acrobat
HPRegen  0.18/turn              (no ring)
MPRegen  0.17/turn              (no ring)

@: lethally poisoned (-2 -> -32), slowed, very slow
A: small, carnivore
a: Renounce Religion


You were on level 8 of the Dungeon.
You worshipped Vehumet.
Vehumet was aware of your devotion.
You were very full.

You visited 2 branches of the dungeon, and saw 9 of its levels.
You also visited: Ossuary.

You collected 470 gold pieces.

Inventory:

Hand Weapons
 a - a +5 short sword of electrocution
 b - a +1 rapier
 x - a +0 falchion
 H - a cursed +5 falchion
 I - a +3 dagger of freezing
 J - a cursed +3 long sword
Missiles
 j - 117 stones (quivered)
 p - 28 bolts
Armour
 d - a +3 leather armour of positive energy (worn)
 g - a +0 helmet (worn)
 o - a +0 pair of gloves of archery (worn)
 s - a +1 cloak (worn)
 E - a +2 helmet
Magical Staves
 y - a cursed staff of death (weapon)
Jewellery
 h - an amulet of the acrobat (around neck)
 r - a cursed amulet of magic regeneration
 D - an uncursed amulet of regeneration {unknown}
Wands
 f - a wand of paralysis (9)
 q - a wand of random effects (22)
 B - a wand of flame (41)
 F - a wand of acid (9)
Scrolls
 e - a scroll of enchant armour
 m - 2 scrolls of teleportation
 n - 3 scrolls of enchant weapon
 t - 4 scrolls of identify
 C - 2 scrolls of fog
 G - 2 scrolls of amnesia
Potions
 i - a potion of cancellation
 k - a potion of ambrosia
 l - a potion of mutation
 u - a potion of flight
 v - 2 potions of curing
 w - 2 potions of brilliance
 z - 2 potions of lignification
 A - a potion of agility
Comestibles
 c - 13 rations


   Skills:
 - Level 3.0 Fighting
 * Level 1.5 Long Blades
 + Level 0.3 Staves
 - Level 6.0 Dodging
 - Level 6.0 Stealth
 * Level 7.1 Spellcasting
 * Level 6.1 Conjurations
 * Level 6.9 Fire Magic
 * Level 3.9 Evocations


You had 16 spell levels left.
You knew the following spells:

 Your Spells              Type           Power        Failure   Level  Hunger
a - Flame Tongue          Conj/Fire      ####.        1%          1    None
b - Throw Flame           Conj/Fire      ####..       1%          2    None
c - Sticky Flame          Conj/Fire      ####....     11%         4    ###....

Your spell library contained the following spells:

 Spells                   Type           Power        Failure   Level  Hunger
 Shock                    Conj/Air       ###.         4%          1    None
 Conjure Flame            Conj/Fire      ####....     3%          3    #......
 Inner Flame              Hex/Fire       ###.....     12%         3    #......
 Fireball                 Conj/Fire      ####......   30%         5    #####..


Dungeon Overview and Level Annotations

Branches:
Dungeon (8/15)             Temple (1/1) D:6
   Lair: D:8-11

Altars:
Ashenzari
Cheibriados
Dithmenos
Elyvilon
Fedhas
Gozag
Hepliaklqana
Kikubaaqudgha
Makhleb
Nemelex Xobeh
Okawaru
Qazlal
Ru
Sif Muna
Trog
Uskayaw
Vehumet
Wu Jian
Xom
Yredelemnul
Zin
The Shining One


Innate Abilities, Weirdness & Mutations

You are small and have problems with some larger weapons.
You are carnivorous and can eat meat at any time.


Message History

The howler monkey hoots and howls with incredible vigour! x2
The hornet completely misses you.
Casting: Flame Tongue (safe; 1% risk of failure)
Confirm with . or Enter, or press ? or * to list all spells.
Aiming: Sticky Flame (safe; 11% risk of failure)
Press: ? - help, Shift-Dir - straight line, f/p - hornet
Aim: a hornet (heavily wounded)
The sticky flame hits the hornet.
The hornet appears unharmed.
The hornet is heavily wounded.
The hornet is covered in liquid flames!
* * * LOW HITPOINT WARNING * * *
You feel very sick.
The hornet burns!
The hornet stings you but does no damage.
The hornet stings you.
* * * LOW HITPOINT WARNING * * *
You are more poisoned.
You feel as though you will be slow longer.
The hornet stings you!
You die...

####.####
#.....###....O........
#.......# #.....#
#####.########
#.##.##.# #######
#hh.# # # #.##.# #y###
# #....# #h# . ###..#
#†# #.####..#
#######.# #.......##
#.yhhO..# ######...#
#@#######
###.#######.#
#.[.[.[...#
###########


You could see a hornet (burning), an ogre and 2 howler monkeys.

Vanquished Creatures
  Eustachio (D:4)
  Duvessa (D:4)
  2 ice beasts (D:7)
  A sky beast (D:6)
  An orc warrior (D:7)
  A black bear (D:6)
  A necrophage (D:8)
  3 ogres
  4 centaurs
  2 elf zombies (Ossuary)
  A bullfrog (D:7)
  Dowan (D:4)
  A scorpion (D:6)
  4 wights (D:8)
  4 howler monkeys
  4 orc priests
  4 hounds
  A jelly (D:6)
  Crazy Yiuf (D:4)
  A bullfrog skeleton (D:4)
  Ijyb (D:4)
  Terence (D:3)
  2 orc wizards (D:7)
  5 iguanas
  8 worker ants
  A big kobold zombie (Ossuary)
  4 mummies (Ossuary)
  Robin (D:4)
  A worker ant zombie (D:7)
  7 gnolls
  9 adders
  2 shadow imps (D:7)
  4 oozes
  4 adder zombies
  2 adder skeletons
  2 worms
  A dart slug (D:3)
  3 leopard geckos
  21 orcs
  5 giant cockroaches
  19 goblins
  17 hobgoblins
  10 jackals
  10 quokkas
  A ball python (D:5)
  7 bats
  4 frilled lizards
  A gnoll zombie (Ossuary)
  3 hobgoblin zombies (Ossuary)
  A jackal zombie (Ossuary)
  7 kobolds
  2 leopard gecko skeletons (D:6)
  An orc zombie (Ossuary)
  7 rats
  A rat zombie (Ossuary)
214 creatures vanquished.

Vanquished Creatures (others)
  A plant (D:4)
1 creature vanquished.

Grand Total: 215 creatures vanquished

Notes
Turn   | Place    | Note
-------+----------+-------------------------------------------
     0 | D:1      | Ihlosi the Kobold Fire Elementalist began the quest for the
                  | Orb.
     0 | D:1      | Reached XP level 1. HP: 10/10 MP: 3/3
   309 | D:1      | Reached XP level 2. HP: 15/15 MP: 3/5
   608 | D:1      | Reached XP level 3. HP: 18/20 MP: 3/6
   801 | D:1      | Learned a level 2 spell: Throw Flame
  1551 | D:2      | Reached XP level 4. HP: 24/24 MP: 4/8
  2483 | D:3      | Reached XP level 5. HP: 21/28 MP: 0/9
  2579 | D:3      | Reached skill level 3 in Spellcasting
  2622 | D:2      | Reached skill level 1 in Fighting
  2999 | D:3      | Noticed Terence
  3018 | D:4      | Learned a level 4 spell: Sticky Flame
  3125 | D:3      | Killed Terence
  4017 | D:4      | Reached XP level 6. HP: 32/34 MP: 7/10
  4026 | D:4      | Noticed an ogre
  4180 | D:4      | Noticed Eustachio
  4251 | D:4      | Noticed Dowan
  4252 | D:4      | Noticed Duvessa
  4366 | D:4      | Killed an ogre
  4603 | D:4      | Killed Duvessa
  4603 | D:4      | Reached XP level 7. HP: 23/40 MP: 0/12
  4610 | D:5      | Entered Level 5 of the Dungeon
  4994 | D:5      | Reached skill level 4 in Spellcasting
  5273 | D:5      | Reached skill level 5 in Fire Magic
  5343 | D:4      | Killed Dowan
  5446 | D:4      | Found a runed door.
  5800 | D:4      | Killed Eustachio
  5800 | D:4      | Reached skill level 5 in Stealth
  5800 | D:4      | Reached XP level 8. HP: 34/45 MP: 1/14
  6361 | D:4      | Noticed Ijyb
  6364 | D:4      | Paralysed by Ijyb for 2 turns
  6367 | D:4      | Killed Ijyb
  6436 | D:4      | Noticed Robin
  6461 | D:4      | Killed Robin
  6702 | D:4      | Noticed Crazy Yiuf
  6708 | D:4      | Killed Crazy Yiuf
  7557 | D:5      | Reached skill level 5 in Spellcasting
  7705 | D:5      | Reached skill level 1 in Evocations
  7781 | D:5      | Reached skill level 5 in Dodging
  8133 | D:6      | Reached XP level 9. HP: 50/50 MP: 12/17
  8307 | D:6      | Found a staircase to the Ecumenical Temple.
  9232 | Temple   | Entered the Ecumenical Temple
  9427 | Temple   | Became a worshipper of Vehumet
  9511 | D:7      | Found an ornate altar of the Wu Jian Council.
  9566 | D:7      | Found a sand-covered staircase.
  9572 | Ossuary  | Entered an ossuary
  9580 | Ossuary  | Reached skill level 6 in Spellcasting
  9608 | Ossuary  | Reached skill level 5 in Conjurations
 10233 | D:7      | Reached * piety under Vehumet
 10233 | D:7      | Offered knowledge of Shock by Vehumet.
 10354 | D:7      | Reached skill level 1 in Long Blades
 10666 | D:7      | Reached XP level 10. HP: 51/56 MP: 7/19
 11413 | D:8      | Reached skill level 7 in Spellcasting
 11569 | D:8      | Slain by a hornet

Skill      XL: |  1  2  3  4  5  6  7  8  9 10 |
---------------+-------------------------------+-----
Stealth        | 3 4 5 6 |  6.0
Dodging        | 3 4 5 6 |  6.0
Spellcasting   | 3 4 5 6 7 |  7.1
Fighting       | 1 2 3 |  3.0
Fire Magic     | 4 5 6 |  6.9
Conjurations   | 2 3 4 5 6 |  6.1
Evocations     | 1 3 |  3.9
Long Blades    | 1 |  1.5
Staves         | |  0.3

Action                   |  1- 3 |  4- 6 |  7- 9 | 10-12 || total
-------------------------+-------+-------+-------+-------++-------
Melee: Unarmed           |     1 |       |       |       ||     1
       Dagger            |    15 |    77 |    18 |       ||   110
       Rapier            |       |       |    20 |       ||    20
       Short sword       |       |       |    35 |       ||    35
       Staff             |       |       |    32 |     2 ||    34
 Cast: Flame Tongue      |    45 |   116 |   215 |     8 ||   384
       Throw Flame       |     1 |     3 |     7 |     1 ||    12
       Sticky Flame      |       |     4 |    21 |    11 ||    36
Evoke: Wand              |       |       |     4 |       ||     4
  Use: Scroll            |       |     4 |    15 |     3 ||    22
       Potion            |       |     8 |     5 |       ||    13
 Stab: Sleeping          |     5 |     6 |     9 |     2 ||    22
       Paralysed         |       |       |    13 |       ||    13
  Eat: Chunk             |    10 |    11 |    21 |     4 ||    46
Armor: Robe              |     6 |    21 |     5 |       ||    32
       Skin              |       |       |     3 |       ||     3
       Leather armour    |       |       |    91 |     5 ||    96
Dodge: Dodged            |    30 |   144 |   395 |    21 ||   590
